[Event "Titled Tuesday Blitz December 27 Early 2022"]
[White "Golizadeh, Asghar"]
[Black "Ayushh, Ravikumar"]
[WhiteFideId "12505269"]
[BlackFideId "35039482"]
[WhiteElo "2455"]
[BlackElo "2032"]
[Result "0-1"]
[Round "05"]
[TimeControl "180+2"]
[Date "2022.12.27"]
[WhiteClock "0:00:04"]
[BlackClock "0:01:19"]

1. e4 e5 2. Bc4 Nf6 3. d3 Bd6 4. Nc3 c6 5. Nge2 Bc7 6. O-O d5 7. exd5 cxd5 8. Bb5+ Bd7 9. Bxd7+ Nbxd7 10. d4 e4 11. Bf4 O-O 12. Qd2 Nb6 13. b3 Rc8 14. a4 Bxf4 15. Qxf4 Qc7 16. Qxc7 Rxc7 17. a5 Nbd7 18. Ra4 Rfc8 19. Rb4 b6 20. axb6 Nxb6 21. Nb5 Rxc2 22. Nxa7 Ra8 23. Rxb6 Rxe2 24. Nc6 h6 25. Nb4 Ra3 26. Nc6 e3 27. fxe3 Raa2 28. Rc1 Rxg2+ 29. Kf1 Rxh2 30. Kg1 Rag2+ 31. Kf1 Ng4 32. Rc3 Rf2+ 33. Kg1 Rhg2+ 34. Kh1 Rh2+ 35. Kg1 Ra2 36. Kf1 Rh1# 0-1


[Site "https://www.chess.com"]

[Event "Titled Tuesday Blitz December 27 Early 2022"]
[White "Goltseva, Ekaterina"]
[Black "Petrovic, Aleksa"]
[WhiteFideId "24173770"]
[BlackFideId "967629"]
[WhiteElo "2283"]
[BlackElo "2332"]
[Result "1-0"]
[Round "05"]
[TimeControl "180+2"]
[Date "2022.12.27"]
[WhiteClock "0:01:06"]
[BlackClock "0:00:05"]

1. d4 Nf6 2. c4 e6 3. g3 d5 4. Bg2 dxc4 5. Nf3 Bd7 6. Ne5 Bc6 7. Nxc6 Nxc6 8. e3 Qd7 9. O-O Rd8 10. Qe2 e5 11. Qxc4 exd4 12. Rd1 d3 13. Qb5 Be7 14. Qxb7 Ne5 15. f4 Qg4 16. Nc3 O-O 17. fxe5 Bb4 18. exf6 Bxc3 19. Bf3 Qc4 20. bxc3 d2 21. Bxd2 Rxd2 22. Rxd2 Qxc3 23. Qb2 Qxe3+ 24. Rf2 1-0


[Site "https://www.chess.com"]

[Event "Titled Tuesday Blitz December 27 Early 2022"]
[White "Goncalves, Davi Sulzbacher"]
[Black "Atakhan, Abtin"]
[WhiteFideId "2154510"]
[BlackFideId "22502203"]
[WhiteElo "2282"]
[BlackElo "2422"]
[Result "1-0"]
[Round "05"]
[TimeControl "180+2"]
[Date "2022.12.27"]
[WhiteClock "0:00:29"]
[BlackClock "0:00:15"]

1. d4 Nf6 2. c4 g6 3. Nc3 d5 4. cxd5 Nxd5 5. e4 Nxc3 6. bxc3 Bg7 7. Bg5 c5 8. Rc1 O-O 9. d5 Qa5 10. Qd2 e6 11. d6 f6 12. Be3 Rd8 13. Nf3 Nc6 14. e5 fxe5 15. Ng5 h6 16. Ne4 b6 17. Bc4 Kh7 18. h4 b5 19. Bd3 c4 20. Bb1 Bb7 21. h5 Ne7 22. hxg6+ Kg8 23. Bxh6 Nf5 24. Bxg7 Kxg7 25. Rh7+ Kxg6 26. Rxb7 1-0


[Site "https://www.chess.com"]

[Event "Titled Tuesday Blitz December 27 Early 2022"]
[White "Graca, Robert"]
[Black "Jimenez, Joaquin"]
[WhiteFideId "644943"]
[BlackFideId "109860"]
[WhiteElo "2270"]
[BlackElo "2195"]
[Result "1-0"]
[Round "05"]
[TimeControl "180+2"]
[Date "2022.12.27"]
[WhiteClock "0:00:11"]
[BlackClock "0:00:10"]

1. Nf3 Nf6 2. c4 g6 3. Nc3 Bg7 4. e4 d6 5. d4 O-O 6. Be2 e5 7. Be3 Ng4 8. Bg5 f6 9. Bh4 Nc6 10. d5 Ne7 11. Nd2 Nh6 12. f3 f5 13. b4 a5 14. a3 Nf7 15. c5 g5 16. Bf2 f4 17. Nc4 axb4 18. axb4 Rxa1 19. Qxa1 Ng6 20. cxd6 Nxd6 21. Nxd6 cxd6 22. Nb5 Rf6 23. Qa7 Bf8 24. Bb6 Qe8 25. Qb8 Bd7 26. Qxe8 Bxe8 27. Kf2 h5 28. h3 Bd7 29. Rc1 g4 30. hxg4 hxg4 31. fxg4 f3 32. gxf3 Bxg4 33. Rg1 Bh5 34. Nc7 Kf7 35. Ne6 Be7 36. Be3 Rxe6 37. dxe6+ Kxe6 38. Rc1 Bh4+ 39. Kf1 d5 40. exd5+ Kxd5 41. Rc7 Ne7 42. Rxb7 Nf5 43. Bf2 Bg5 44. Rb5+ Kd6 45. Rb6+ Kd5 46. Bd3 Nd4 47. Be4+ Kc4 48. Bxd4 Kxd4 49. Rb8 Bf7 50. b5 Bc4+ 51. Kf2 Be3+ 52. Kg3 Bf4+ 53. Kg4 Kc5 54. b6 Ba6 55. b7 Kb6 56. Ra8 Bxb7 57. Rb8 1-0


[Site "https://www.chess.com"]

[Event "Titled Tuesday Blitz December 27 Early 2022"]
[White "Graham, Nathaniel"]
[Black "Bringas Gomez, Artai"]
[WhiteFideId "2007983"]
[BlackFideId "24534064"]
[WhiteElo "2262"]
[BlackElo "2206"]
[Result "0-1"]
[Round "05"]
[TimeControl "180+2"]
[Date "2022.12.27"]
[WhiteClock "0:00:05"]
[BlackClock "0:00:17"]

1. e4 c6 2. d4 d5 3. Nd2 dxe4 4. Nxe4 Nd7 5. Bc4 Ngf6 6. Nxf6+ Nxf6 7. c3 e6 8. Nf3 Bd6 9. O-O Qc7 10. Bg5 h6 11. Bh4 b6 12. Qe2 Nd5 13. Ne5 Bb7 14. Bxd5 cxd5 15. Qb5+ Kf8 16. f4 a5 17. Rf3 Ba6 18. Qb3 g5 19. fxg5 Bxe5 20. dxe5 Bc4 21. Qa3+ Kg8 22. gxh6 Rxh6 23. Bf6 Kh7 24. Rg3 Rg8 25. Rxg8 Kxg8 26. b3 Bd3 27. Rd1 Be4 28. c4 Rg6 29. Qa4 Rxg2+ 30. Kf1 Qc8 31. cxd5 exd5 32. Qb5 Qf5+ 33. Ke1 Qf2# 0-1


[Site "https://www.chess.com"]

[Event "Titled Tuesday Blitz December 27 Early 2022"]
[White "Grigoriants, Sergey"]
[Black "Gabdrakhmanov, Azat"]
[WhiteFideId "4130804"]
[BlackFideId "34189197"]
[WhiteElo "2562"]
[BlackElo "2316"]
[Result "1-0"]
[Round "05"]
[TimeControl "180+2"]
[Date "2022.12.27"]
[WhiteClock "0:00:05"]
[BlackClock "0:00:03"]

1. d4 Nf6 2. c4 g6 3. f3 Bg7 4. e4 O-O 5. Nc3 d6 6. Nge2 a6 7. Be3 c6 8. Rc1 b5 9. c5 dxc5 10. dxc5 Qa5 11. a3 Rd8 12. Qc2 b4 13. axb4 Qxb4 14. Nf4 Nbd7 15. Nd3 Qb7 16. Be2 Rb8 17. O-O Qc7 18. Bf4 e5 19. Be3 Nf8 20. f4 Ng4 21. Bxg4 Bxg4 22. Nxe5 Be6 23. Nf3 Bc4 24. Rfe1 Bd3 25. Qf2 Bxc3 26. bxc3 Bxe4 27. Bd4 Bxf3 28. Be5 Qa5 29. Bxb8 Rxb8 30. Qxf3 Qxc5+ 31. Kh1 Ne6 32. h3 a5 33. Qe4 h5 34. Rf1 Ng7 35. g4 hxg4 36. hxg4 Rb2 37. Rc2 Rb8 38. c4 a4 39. Rd2 Re8 40. Qd4 Qb4 41. f5 c5 42. Qd7 gxf5 43. gxf5 Qc3 44. Qd3 Qf6 45. Rg2 Kf8 46. Rfg1 Qh6+ 47. Rh2 Qc6+ 48. Qd5 Qxd5+ 49. cxd5 Nxf5 50. Rh8+ Ke7 51. Re1+ Kd6 52. Rhxe8 Kxd5 53. Ra8 Ng3+ 54. Kg2 Ne4 55. Rxa4 Nc3 56. Rf4 c4 57. Rxf7 Kd4 58. Rf4+ Kd3 59. Re8 Kd2 60. Rd8+ Ke3 61. Rxc4 Ne4 62. Rxe4+ Kxe4 63. Kf2 1-0


[Site "https://www.chess.com"]

[Event "Titled Tuesday Blitz December 27 Early 2022"]
[White "Guevara Sanchez, Erick Marvin"]
[Black "Viskelis, Darius"]
[WhiteFideId "6700136"]
[BlackFideId "12800830"]
[WhiteElo "2073"]
[BlackElo "2166"]
[Result "0-1"]
[Round "05"]
[TimeControl "180+2"]
[Date "2022.12.27"]
[WhiteClock "0:00:01"]
[BlackClock "0:00:07"]

1. e4 c6 2. d4 g6 3. Nc3 Bg7 4. Nf3 d5 5. e5 Bg4 6. Be2 Nh6 7. h3 Bxf3 8. Bxf3 Nf5 9. O-O e6 10. Bf4 Qh4 11. Be3 c5 12. dxc5 Bxe5 13. Re1 Nc6 14. Bd2 O-O 15. a3 a5 16. Rb1 Bd4 17. Be3 Nxe3 18. fxe3 Be5 19. Ne2 a4 20. c3 Ra5 21. b4 axb3 22. Qxb3 Ra7 23. Rf1 Rfa8 24. Bg4 f5 25. Bf3 Bg7 26. Nd4 Qg5 27. Nxe6 Qxe3+ 28. Kh1 Rxa3 29. Qc4 dxc4 30. Bd5 Kh8 31. Rxb7 Bxc3 32. Bxc6 Ra1 33. Rxa1 Rxa1+ 34. Kh2 Qe5+ 35. g3 Qe2+ 36. Bg2 Qxe6 37. Rb8+ Kg7 38. Rb7+ Kh6 39. Rc7 Qe5 40. c6 Be1 41. Rxh7+ Kxh7 42. c7 Qxg3+ 43. Kh1 Bf2+ 44. Bf1 Rxf1# 0-1


[Site "https://www.chess.com"]

[Event "Titled Tuesday Blitz December 27 Early 2022"]
[White "Hasangatin, Ramil"]
[Black "Timofeev, Artyom"]
[WhiteFideId "4122160"]
[BlackFideId "4140419"]
[WhiteElo "2457"]
[BlackElo "2567"]
[Result "0-1"]
[Round "05"]
[TimeControl "180+2"]
[Date "2022.12.27"]
[WhiteClock "0:00:04"]
[BlackClock "0:00:32"]

1. e4 d6 2. d4 Nf6 3. Nc3 g6 4. h3 Bg7 5. Be3 a6 6. a4 b6 7. Nf3 Bb7 8. Bd3 O-O 9. O-O e6 10. Re1 Nbd7 11. Qd2 c5 12. Bh6 cxd4 13. Bxg7 Kxg7 14. Nxd4 Qc7 15. Rad1 Rad8 16. Nb3 Ne5 17. Bf1 Rfe8 18. Qd4 Nc6 19. Qe3 e5 20. Rd2 Ne7 21. Red1 d5 22. exd5 Nexd5 23. Nxd5 Rxd5 24. c4 Rxd2 25. Rxd2 Bc6 26. c5 b5 27. axb5 axb5 28. Rd6 Ne4 29. Rd1 Re6 30. Bd3 Nf6 31. Qe2 Nd5 32. Qe1 Nf4 33. Be4 h5 34. Kh2 h4 35. f3 Qe7 36. Bxc6 Rxc6 37. Qe4 Qg5 38. Rg1 Qg3+ 39. Kh1 Nxh3 0-1


[Site "https://www.chess.com"]

[Event "Titled Tuesday Blitz December 27 Early 2022"]
[White "Heinemann, Josefine"]
[Black "Sovetbekova, Nurai"]
[WhiteFideId "12900460"]
[BlackFideId "13801910"]
[WhiteElo "2289"]
[BlackElo "1764"]
[Result "1-0"]
[Round "05"]
[TimeControl "180+2"]
[Date "2022.12.27"]
[WhiteClock "0:00:56"]
[BlackClock "0:00:03"]

1. Nf3 Nf6 2. g3 g6 3. Bg2 Bg7 4. O-O O-O 5. d4 c5 6. d5 b5 7. a4 b4 8. a5 Bb7 9. c4 bxc3 10. Nxc3 d6 11. e4 Na6 12. Re1 Nb4 13. Bf4 Qd7 14. Bf1 Rab8 15. Nd2 Ba6 16. Bxa6 Nxa6 17. Nc4 Rb4 18. Qd3 Nc7 19. e5 dxe5 20. Nxe5 Qh3 21. Rad1 Rd4 22. Qf1 Qxf1+ 23. Kxf1 Ncxd5 24. Nc6 Rxd1 25. Rxd1 e6 26. Be5 Nxc3 27. Bxc3 Nd5 28. Bxg7 Kxg7 29. Rc1 Rc8 30. Nxa7 Ra8 31. Nc6 Ra6 32. Rxc5 Kf6 33. b4 1-0


[Site "https://www.chess.com"]

[Event "Titled Tuesday Blitz December 27 Early 2022"]
[White "Herman, Daniel"]
[Black "Peatman, Carter"]
[WhiteFideId "30935008"]
[BlackFideId "2096480"]
[WhiteElo "1956"]
[BlackElo "1998"]
[Result "1-0"]
[Round "05"]
[TimeControl "180+2"]
[Date "2022.12.27"]
[WhiteClock "0:01:19"]
[BlackClock "0:00:15"]

1. Nc3 d5 2. e4 d4 3. Nce2 c5 4. Nf3 Nc6 5. Ng3 e5 6. Bc4 Be7 7. d3 h5 8. h4 Bg4 9. Nf5 Bf6 10. Bg5 Bxf5 11. exf5 Qd7 12. c3 Qxf5 13. Qb3 Qd7 14. Qb5 Qe7 15. Bd5 Rc8 16. c4 a6 17. Qa4 Qd6 18. Nd2 Qe7 19. Ne4 Bxg5 20. hxg5 f5 21. gxf6 Nxf6 22. Ng5 Nxd5 23. cxd5 b5 24. Qxa6 Nb4 25. Qxc8+ 1-0


[Site "https://www.chess.com"]

[Event "Titled Tuesday Blitz December 27 Early 2022"]
[White "Hirneise, Jens"]
[Black "Szyszylo, Rafal"]
[WhiteFideId "24614734"]
[BlackFideId "1109626"]
[WhiteElo "2277"]
[BlackElo "2091"]
[Result "1-0"]
[Round "05"]
[TimeControl "180+2"]
[Date "2022.12.27"]
[WhiteClock "0:00:52"]
[BlackClock "0:00:03"]

1. d4 d6 2. c4 g6 3. Nf3 Bg7 4. g3 Nf6 5. Bg2 O-O 6. O-O Nc6 7. Nc3 a6 8. Bf4 Rb8 9. Rc1 Nh5 10. Bg5 h6 11. Be3 Nf6 12. h3 Nd7 13. Qd2 Kh7 14. b3 e5 15. dxe5 Ndxe5 16. Nxe5 dxe5 17. Nd5 Nd4 18. f4 c6 19. Nc3 Nf5 20. Qxd8 Rxd8 21. Bb6 Rd2 22. Bc7 Ra8 23. fxe5 Nxg3 24. Rxf7 Be6 25. Re7 Rd7 26. Rxd7 Bxd7 27. Kh2 Nf5 28. Rd1 Be6 29. Ne4 Ne3 30. Rd2 Nxg2 31. Kxg2 Rf8 32. Bd6 Rf4 33. Nc5 Rf7 34. Nxe6 Bxe5 35. Bxe5 Re7 36. Nc5 Rxe5 37. Nxb7 Re7 38. Nc5 a5 39. Rd7 Rxd7 40. Nxd7 1-0


[Site "https://www.chess.com"]

[Event "Titled Tuesday Blitz December 27 Early 2022"]
[White "Hnydiuk, Aleksander"]
[Black "Garcia Ramos, Daniel"]
[WhiteFideId "1109057"]
[BlackFideId "32010311"]
[WhiteElo "2363"]
[BlackElo "2442"]
[Result "1/2-1/2"]
[Round "05"]
[TimeControl "180+2"]
[Date "2022.12.27"]
[WhiteClock "0:00:05"]
[BlackClock "0:00:03"]

1. e4 c6 2. d4 d5 3. e5 Bf5 4. Nf3 e6 5. Be2 Nd7 6. O-O h6 7. Nbd2 a6 8. Nb3 c5 9. dxc5 Bxc5 10. Nxc5 Nxc5 11. Be3 Nd7 12. Nd4 Ne7 13. f4 O-O 14. Nxf5 Nxf5 15. Bf2 Qc7 16. Bd3 Ne7 17. Qg4 Nc5 18. Rac1 Rac8 19. Be3 Ne4 20. c4 Qa5 21. cxd5 Qxd5 22. Qe2 Nf5 23. Ba7 Nc5 24. Bxf5 exf5 25. Rfd1 Qe4 26. Qc4 Ne6 27. Qxe4 fxe4 28. f5 Nf4 29. Kf1 Nd3 30. Rxc8 Rxc8 31. Ke2 Nxe5 32. Ke3 Ng4+ 33. Kf4 Nf6 34. Bd4 Re8 35. Bxf6 gxf6 36. Ke3 Re7 37. Rd4 Re5 38. g4 h5 39. h3 hxg4 40. hxg4 Rb5 41. b3 Ra5 42. a4 Rc5 43. Kxe4 Rc3 44. Rb4 Rc7 45. Rb6 Kg7 46. Kf4 Rd7 47. a5 Rc7 48. b4 Kf8 49. Ke4 Ke7 50. b5 axb5 51. Rxb5 Rc4+ 52. Kf3 Rc7 53. Rb6 Rd7 54. Kg3 Rc7 55. Kh4 Rd7 56. Rb5 Rc7 57. Rb6 Rd7 58. Kg3 Rc7 59. Kh4 1/2-1/2


[Site "https://www.chess.com"]

[Event "Titled Tuesday Blitz December 27 Early 2022"]
[White "Hoffmann, Asa"]
[Black "Tharushi, T H D Niklesha"]
[WhiteFideId "2001470"]
[BlackFideId "9918264"]
[WhiteElo "2185"]
[BlackElo "1570"]
[Result "1/2-1/2"]
[Round "05"]
[TimeControl "180+2"]
[Date "2022.12.27"]
[WhiteClock "0:00:26"]
[BlackClock "0:00:14"]

1. d4 Nf6 2. Bg5 Ne4 3. Bf4 d5 4. f3 Nf6 5. e4 dxe4 6. Nc3 exf3 7. Nxf3 e6 8. Bc4 Bd6 9. Qd2 O-O 10. O-O-O a6 11. Bg5 h6 12. Bh4 Be7 13. Rhf1 b5 14. Bb3 Bb7 15. Ne5 Ne4 16. Nxe4 Bxh4 17. g3 Be7 18. Qe2 Bg5+ 19. Kb1 Nc6 20. Nxf7 Nxd4 21. Nxd8 Nxe2 22. Rxf8+ Kxf8 23. Nxg5 hxg5 24. Nxb7 Ke7 25. Nc5 Rh8 26. Nxe6 Rxh2 27. Nxg5 Nxg3 28. a3 Kf6 29. Rg1 Ne2 30. Nf3 Rf2 31. Re1 g5 32. Nd2 Nc3+ 33. bxc3 Rxd2 34. c4 g4 35. Rg1 Kf5 36. cxb5 axb5 37. Kb2 Kf4 38. Kc3 Rf2 39. Kb4 g3 40. Kxb5 g2 41. Bd5 Rxc2 42. Rxg2 Rc3 43. a4 Ke5 44. Bc4 c6+ 45. Kb4 Rc1 46. Rg6 Rb1+ 47. Kc5 Ra1 48. Bb3 Rc1+ 49. Kb6 c5 50. Rc6 Kd4 51. a5 Rb1 52. Rd6+ Ke5 53. Rd3 c4 54. Re3+ Kd4 55. Rh3 Rxb3+ 56. Rxb3 cxb3 57. a6 b2 58. a7 b1=Q+ 59. Kc7 Qc2+ 60. Kb7 Qb3+ 61. Kc7 Qc4+ 62. Kb7 Qb5+ 63. Kc7 Qc5+ 64. Kb7 Qe7+ 65. Kb8 Qd8+ 66. Kb7 Qd7+ 67. Kb8 Qd6+ 68. Kb7 Qe7+ 69. Kb8 Qd8+ 70. Kb7 Qd7+ 71. Kb8 Qd6+ 72. Kb7 Qd7+ 1/2-1/2


[Site "https://www.chess.com"]

[Event "Titled Tuesday Blitz December 27 Early 2022"]
[White "Ilkhomi, Jaloliddin"]
[Black "Bochnicka, Vladimir"]
[WhiteFideId "14700948"]
[BlackFideId "14943450"]
[WhiteElo "1997"]
[BlackElo "2327"]
[Result "1-0"]
[Round "05"]
[TimeControl "180+2"]
[Date "2022.12.27"]
[WhiteClock "0:00:21"]
[BlackClock "0:00:25"]

1. d4 Nf6 2. Nf3 g6 3. Bg5 Bg7 4. Nbd2 O-O 5. c3 d6 6. e4 h6 7. Bh4 Nbd7 8. Bd3 e5 9. Qe2 Re8 10. O-O Nf8 11. Rfd1 Qe7 12. dxe5 dxe5 13. Nc4 g5 14. Bg3 N6d7 15. Ne3 Ng6 16. Nf5 Qf6 17. Bb5 c6 18. Bc4 Bf8 19. Rd2 Nc5 20. Rad1 Nxe4 21. Nxh6+ Bxh6 22. Qxe4 g4 23. Rd6 Qf5 24. Rxg6+ Kh7 25. Qxf5 Bxf5 26. Rf6 Bc2 27. Rxf7+ Kh8 28. Bxe5+ Rxe5 29. Nxe5 Bxd1 30. Ng6+ Kg8 31. Re7# 1-0


[Site "https://www.chess.com"]

[Event "Titled Tuesday Blitz December 27 Early 2022"]
[White "Janaszak, Dawid"]
[Black "Morefield, Jason"]
[WhiteFideId "1119206"]
[BlackFideId "30920825"]
[WhiteElo "2316"]
[BlackElo "2167"]
[Result "0-1"]
[Round "05"]
[TimeControl "180+2"]
[Date "2022.12.27"]
[WhiteClock "0:00:11"]
[BlackClock "0:00:57"]

1. d4 Nf6 2. Nf3 b5 3. Bf4 Bb7 4. e3 a6 5. Nbd2 e6 6. c4 bxc4 7. Bxc4 c5 8. O-O Nc6 9. dxc5 Bxc5 10. Rc1 Be7 11. h3 O-O 12. Qe2 d5 13. Bd3 Nb4 14. Rc7 Nxd3 15. Qxd3 Bc8 16. Rfc1 a5 17. Ne5 Ba6 18. Qc2 Bd6 19. Rc6 Bxe5 20. Bxe5 Nd7 21. Qc3 Nxe5 22. Qxe5 Qb8 23. Qd4 Qb4 24. Qxb4 axb4 25. Rb6 Rfb8 26. Rcc6 Bd3 27. Rxb8+ Rxb8 28. Nb3 Bc4 29. Nc1 Kf8 30. Rc7 e5 31. b3 Ba6 32. Kh2 d4 33. exd4 exd4 34. Rd7 Rc8 35. Nd3 Bxd3 36. Rxd4 Bb1 37. Rxb4 Bxa2 38. Rb7 Rc2 39. f3 Rb2 40. b4 Bd5 41. Rb8+ Ke7 42. Kg3 g5 43. b5 h5 44. h4 gxh4+ 45. Kxh4 Rxg2 46. b6 Bxf3 47. b7 Kf6 0-1


[Site "https://www.chess.com"]

[Event "Titled Tuesday Blitz December 27 Early 2022"]
[White "Jimenez Almeida, Luis David"]
[Black "Odegov, Artem"]
[WhiteFideId "22242244"]
[BlackFideId "34183644"]
[WhiteElo "2242"]
[BlackElo "2261"]
[Result "1-0"]
[Round "05"]
[TimeControl "180+2"]
[Date "2022.12.27"]
[WhiteClock "0:00:19"]
[BlackClock "0:00:09"]

1. e4 e6 2. d4 d5 3. e5 c5 4. c3 Qb6 5. Nf3 Nc6 6. a3 Nh6 7. b4 cxd4 8. cxd4 Nf5 9. Be3 f6 10. exf6 gxf6 11. Bd3 Nxe3 12. fxe3 e5 13. Nc3 Be6 14. Be2 Rc8 15. O-O Nxd4 16. Nxd4 exd4 17. Na4 Qd6 18. Bh5+ Kd8 19. exd4 Bd7 20. Nc5 Kc7 21. Rc1 Kb8 22. Rxf6 Rxc5 23. Rxd6 Rxc1 24. Qxc1 Bxd6 25. Qg5 Rf8 26. Qxd5 Rf6 27. Bf3 Bc6 28. Qg8+ Rf8 29. Qe6 Bc7 30. Bxc6 bxc6 31. Qxc6 Rd8 32. Qb5+ Bb6 33. h3 Rxd4 34. Kh2 h6 35. a4 Kc8 36. Qf5+ Kb7 37. Qf7+ Bc7+ 38. Kg1 Rxb4 39. Qd5+ Kb8 40. Qc6 Rb6 41. Qe8+ Kb7 42. g4 Rb1+ 43. Kg2 Rb2+ 44. Kf3 Rb3+ 45. Ke4 Rb4+ 46. Kf5 Rb6 47. Qe4+ Kb8 48. h4 Ra6 49. Qe8+ Kb7 50. Qb5+ Bb6 51. Kg6 Ra5 52. Qd7+ Bc7 53. Kxh6 Ra6+ 54. Kh7 Rd6 55. Qb5+ Kc8 56. g5 a6 57. Qe8+ Rd8 58. Qe6+ Kb7 59. g6 Rd6 60. Qe4+ Kb6 61. g7 a5 62. Qe3+ Kc6 63. g8=Q Rd7+ 64. Qg7 Rxg7+ 65. Kxg7 Bd6 66. h5 Bb4 67. Qe4+ Kc5 68. h6 Bd2 69. Kg6 Bxh6 70. Kxh6 Kb6 71. Kg5 Ka6 72. Kf4 Kb6 73. Ke3 Ka6 74. Kd3 Kb6 75. Kc4 Kc7 76. Qe6 Kd8 77. Kc5 Kc7 78. Qf7+ Kd8 79. Kd6 Kc8 80. Qc7# 1-0


[Site "https://www.chess.com"]

[Event "Titled Tuesday Blitz December 27 Early 2022"]
[White "Jobava, Baadur"]
[Black "Ozen, Bahadir"]
[WhiteFideId "13601520"]
[BlackFideId "6337058"]
[WhiteElo "2578"]
[BlackElo "2369"]
[Result "1/2-1/2"]
[Round "05"]
[TimeControl "180+2"]
[Date "2022.12.27"]
[WhiteClock "0:00:06"]
[BlackClock "0:00:04"]

1. e4 d6 2. d4 Nf6 3. Nc3 e5 4. dxe5 dxe5 5. Qxd8+ Kxd8 6. Bc4 Bb4 7. Bd2 Ke7 8. f3 c6 9. a4 Be6 10. Bxe6 Kxe6 11. Nh3 Nbd7 12. Nf2 Nc5 13. Ke2 Rhd8 14. Rhd1 a5 15. Nb1 Bxd2 16. Rxd2 Nfd7 17. b3 Nb6 18. Ke3 g6 19. g4 h6 20. Rxd8 Rxd8 21. Nd2 Ke7 22. Rb1 Kf6 23. h4 Ke7 24. g5 h5 25. Nd3 Nxd3 26. cxd3 f6 27. gxf6+ Kxf6 28. Nc4 Nd7 29. Nxa5 Nc5 30. Rd1 Ra8 31. b4 Ne6 32. Rc1 g5 33. hxg5+ Kxg5 34. Nc4 Kf6 35. a5 h4 36. Nb6 Rd8 37. a6 bxa6 38. Rxc6 h3 39. Nd5+ Kf7 40. Rxa6 h2 41. Ra7+ Kg6 42. Ra1 Rh8 43. Rh1 Kg5 44. b5 Rh3 45. Kf2 Nd4 46. Kg2 Rxf3 47. b6 Rxd3 48. Rxh2 Rb3 49. Rh7 Rb2+ 50. Kg3 Rb3+ 51. Kf2 Rb2+ 52. Ke3 Rb3+ 53. Kd2 Kg4 54. Rf7 Kg3 55. b7 Nf3+ 56. Kd1 Nd4 57. Ne3 Rb1+ 58. Kd2 Rb3 59. Nc4 Rb5 60. Nxe5 Nb3+ 61. Kc3 Na5 62. Rf3+ Kg2 63. Rf5 Nxb7 64. Nc4 Rb1 65. Kd4 Rd1+ 66. Ke5 Re1 67. Kd5 Nc5 68. e5 Nd3 69. e6 Nb4+ 70. Kd6 Rd1+ 71. Kc7 Rc1 72. Rc5 Na6+ 73. Kd6 Nxc5 74. Kxc5 Re1 75. Kd6 Rxe6+ 76. Kxe6 1/2-1/2


[Site "https://www.chess.com"]

[Event "Titled Tuesday Blitz December 27 Early 2022"]
[White "Kahlert, Thomas"]
[Black "Tanenbaum, Zachary"]
[WhiteFideId "4625242"]
[BlackFideId "2060850"]
[WhiteElo "2144"]
[BlackElo "2261"]
[Result "1/2-1/2"]
[Round "05"]
[TimeControl "180+2"]
[Date "2022.12.27"]
[WhiteClock "0:01:07"]
[BlackClock "0:00:06"]

1. c4 e5 2. Nc3 Nf6 3. Nf3 Nc6 4. g3 Bc5 5. Bg2 d6 6. O-O O-O 7. d3 h6 8. a3 Bf5 9. b4 Bb6 10. Nd5 Nxd5 11. cxd5 Ne7 12. e4 Bg6 13. Be3 f5 14. Bxb6 axb6 15. Nh4 Bh7 16. Qb3 Qd7 17. Nf3 fxe4 18. Nxe5 Qf5 19. f4 exf3 20. Nxf3 Qxd3 21. Qxd3 Bxd3 22. Rfc1 Nxd5 23. Ne1 c6 24. Bxd5+ cxd5 25. Nxd3 Rf3 26. Nf4 Raxa3 27. Rxa3 Rxa3 28. Nxd5 Rb3 29. Rc7 Rd3 30. Nxb6 Rd4 31. Rc4 Rd2 32. Rf4 d5 33. Rf2 Rd1+ 34. Kg2 d4 35. Nc4 d3 36. Rd2 Rc1 37. Ne5 Rc2 38. Rxc2 dxc2 39. Nd3 Kf7 40. Kf3 Ke6 41. Ke3 Kd5 42. Kd2 b6 43. Kxc2 Ke4 44. Kd2 Kf3 45. Ne5+ Kg2 46. Nc4 b5 47. Ne3+ Kxh2 48. Nf5 g6 49. Nxh6 Kxg3 50. Ke3 g5 51. Kd4 Kh4 52. Kc5 Kh5 53. Nf5 Kg4 54. Ne3+ Kf3 55. Nf1 Kf2 56. Nd2 Ke3 57. Nf1+ Kf2 58. Nh2 Kg3 59. Nf1+ Kf2 1/2-1/2


[Site "https://www.chess.com"]

[Event "Titled Tuesday Blitz December 27 Early 2022"]
[White "Kamsky, Gata"]
[Black "Tan, Zhongyi"]
[WhiteFideId "2000024"]
[BlackFideId "8603642"]
[WhiteElo "2665"]
[BlackElo "2517"]
[Result "0-1"]
[Round "05"]
[TimeControl "180+2"]
[Date "2022.12.27"]
[WhiteClock "0:00:02"]
[BlackClock "0:00:34"]

1. d4 Nf6 2. Bf4 d5 3. e3 Bg4 4. Be2 Bxe2 5. Qxe2 Nbd7 6. Nf3 e6 7. O-O a6 8. c4 Be7 9. Nc3 O-O 10. Rac1 c6 11. h3 Re8 12. Rfd1 Rc8 13. e4 dxc4 14. Qxc4 b5 15. Qe2 Qb6 16. a4 h6 17. axb5 cxb5 18. d5 exd5 19. e5 Bb4 20. Be3 d4 21. exf6 dxe3 22. Nd5 exf2+ 23. Kf1 Qd8 24. Rxc8 Qxc8 25. Qd3 Bf8 26. fxg7 Bxg7 27. Kxf2 Nc5 28. Qb1 Ne4+ 29. Kg1 Qc5+ 30. Kh2 Rd8 31. Qxe4 Qd6+ 32. Kh1 Kh8 33. b4 Rc8 34. Ne3 Qf6 35. Nf5 Bf8 36. Qe5 Qxe5 37. Nxe5 Bxb4 38. Nxf7+ Kh7 39. Rd7 Rc1+ 40. Kh2 Kg6 41. g4 Rc2+ 42. Kg3 Rc3+ 43. Kf4 Rc4+ 44. Ke5 Bc3+ 45. Kd5 h5 0-1


[Site "https://www.chess.com"]

[Event "Titled Tuesday Blitz December 27 Early 2022"]
[White "Karas, Marek"]
[Black "Hardaway, Brewington"]
[WhiteFideId "14928558"]
[BlackFideId "30941849"]
[WhiteElo "2227"]
[BlackElo "2363"]
[Result "1/2-1/2"]
[Round "05"]
[TimeControl "180+2"]
[Date "2022.12.27"]
[WhiteClock "0:00:02"]
[BlackClock "0:00:08"]

1. d4 Nf6 2. Nf3 c5 3. d5 g6 4. Nc3 Bg7 5. e4 d6 6. Bb5+ Bd7 7. a4 O-O 8. O-O Bg4 9. Be2 Nbd7 10. Bf4 Nh5 11. Bg5 h6 12. Bd2 g5 13. Nxg5 hxg5 14. Bxg4 Nf4 15. Bf5 e6 16. dxe6 fxe6 17. Bxf4 exf5 18. Bxd6 Rf6 19. Qd5+ Kh8 20. e5 Rh6 21. Rad1 Qe8 22. Qxb7 Nxe5 23. Rfe1 Rxd6 24. Rxd6 Nf3+ 25. gxf3 Qxe1+ 26. Kg2 Rg8 27. Qf7 Qe8 28. Qxf5 Qh5 29. Nd5 Rf8 30. Qe4 Bxb2 31. Ne7 Rf6 32. Rxf6 Bxf6 33. Nf5 Qf7 34. Qa8+ Kh7 35. Qe4 Kh8 36. Ne3 Bd4 37. Ng4 Qg7 38. Qa8+ Kh7 39. Qe4+ Kh8 40. h3 Qg8 41. Qe7 Qg7 42. Qe8+ Kh7 43. Qh5+ Kg8 44. Nh6+ Kf8 45. Nf5 Qf6 46. Qh7 c4 47. Ng3 Qg7 48. Qxg7+ Bxg7 49. Ne4 Be5 50. Nxg5 Ke7 51. Ne4 Ke6 52. h4 Kd5 53. h5 Kc6 54. Kh3 Kb6 55. Kg4 Ka5 56. Kf5 Bh8 57. Ke6 Kxa4 58. Kd5 Kb4 59. Nd6 c3 60. Nc4 a5 61. f4 a4 62. f5 a3 63. Nxa3 Kxa3 64. Ke6 Kb2 65. f6 Kxc2 66. f7 Bg7 67. Kf5 Kd1 68. Kg6 Bf8 69. h6 c2 70. h7 c1=Q 71. h8=Q Qc6+ 72. Kf5 Qf3+ 73. Ke6 Qc6+ 74. Kf5 Qd5+ 75. Qe5 Qxf7+ 76. Ke4 Qh7+ 77. Qf5 Qh4+ 78. Qf4 Qe7+ 79. Qe5 Qh7+ 80. Qf5 Qh8 81. Qd5+ Ke1 82. Qa5+ Kf1 83. Qf5 Bh6 84. Kd5 Qd8+ 85. Ke4 Qd2 86. Qd5 Qe2+ 87. Kf5 Qxf2+ 88. Ke6 Be3 89. Qf5 Bf4 90. Qf6 Qe3+ 91. Kf7 Kf2 92. Qe6 Qd3 93. Qf6 Qd7+ 94. Kg6 Qg4+ 95. Kf7 Kg3 96. Qg6 Bg5 97. Qd3+ Kh4 98. Qh7+ Kg3 99. Qd3+ Kf2 100. Qc2+ Ke3 101. Qc3+ Ke2 102. Qc2+ Bd2 103. Qg6 Qf4+ 104. Qf6 Qg3 105. Qe6+ Kd1 106. Qf6 Bc3 107. Qd8+ Kc2 108. Qd7 Qg7+ 109. Ke8 Qg8+ 110. Ke7 Bb4+ 111. Kf6 Qf8+ 112. Qf7 Qd6+ 113. Qe6 Bc3+ 114. Kf7 Qf4+ 115. Ke8 Be5 116. Qg6+ Kb2 117. Qb6+ Ka2 118. Qa6+ Kb1 119. Qb6+ Bb2 120. Qg1+ Ka2 121. Qa7+ Ba3 122. Qf7+ Qxf7+ 123. Kxf7 1/2-1/2


[Site "https://www.chess.com"]